 Dungeon Crawl Stone Soup version 0.27-a0-385-g3208abaabc (webtiles) character file.

Game seed: 11039096332825361598

112 CryoSword the Chopper (level 4, 0/42 HPs)
             Began as a Deep Dwarf Monk on Feb 19, 2021.
             Slain by a gnoll
             ... wielding a +0 whip
              (5 damage)
             ... on level 3 of the Dungeon.
             The game lasted 00:07:34 (1758 turns).

CryoSword the Chopper (Deep Dwarf Monk)             Turns: 1758, Time: 00:07:35

Health: 0/42       AC:  2    Str: 15    XL:     4   Next: 64%
Magic:  4/4        EV: 13    Int: 11    God:
Gold:   141        SH:  0    Dex: 15    Spells: 3/3 levels left

rFire    . . .     SeeInvis .   e - +2 short sword (venom)
rCold    . . .     Faith    .   (no shield)
rNeg     . . .     Spirit   .   b - +0 robe
rPois    .         Reflect  .   (no helmet)
rElec    .         Harm     .   (no cloak)
rCorr    .         Rampage  .   (no gloves)
Will     .....                  (no boots)
Stlth    ++........             (no amulet)
HPRegen  0.00/turn              (no ring)
MPRegen  0.09/turn              (no ring)

@: non-regenerating
A: damage resistance, heal wounds, sense surroundings 1, no regeneration
a: Heal Wounds


You were on level 3 of the Dungeon.
You visited 1 branch of the dungeon, and saw 3 of its levels.

You collected 141 gold pieces.

Inventory:

Hand Weapons
 a - a +0 hand axe
 e - a +2 short sword of venom (weapon)
   (You took it off a kobold on level 1 of the Dungeon)
Armour
 b - a +0 robe (worn)
Scrolls
 d - a scroll of teleportation {unknown}
 f - a scroll of random uselessness {unknown}
 g - a scroll of fog {unknown}
 h - 2 scrolls of identify {unknown}
 j - a scroll of enchant weapon {unknown}
 m - a scroll of magic mapping {unknown}
Potions
 i - a potion of mutation {unknown}
 k - 2 potions of heal wounds {unknown}
 l - a potion of lignification {unknown}


   Skills:
 + Level 3.4 Fighting
 * Level 1.7 Long Blades
 - Level 4.5 Axes
 - Level 3.2 Dodging
 + Level 3.1 Stealth


You had 3 spell levels left.
You didn't know any spells.
Your spell library was empty.

Dungeon Overview and Level Annotations

Branches:
Dungeon (3/15)

Altars:


Innate Abilities, Weirdness & Mutations

You are resistant to damage.
You can heal yourself by infusing magical energy.
You passively map a small area around you.
You do not regenerate.


Message History

You kill the adder!
Your Long Blades skill increases to level 1!
There is a stone staircase leading down here.
You climb downwards.
You hear the sound of rushing water.
There is an entrance to a sewer on this level.
Hurry and find it before the portal rusts away!
You hear the slow rusting of a distant drain.
There is a stone staircase leading up here.
A leopard gecko comes into view.
The helpless leopard gecko fails to defend itself.
You puncture the leopard gecko!
You kill the leopard gecko!
A worm comes into view.
You see here a leopard gecko corpse.
A worm comes into view.
Found 21 stones.
You don't know any spells.
Unknown command.
You see here a leopard gecko corpse.
Throw: 2 darts (poison)
Aim: a worm (78% to hit)
You throw a poisoned dart.
The poisoned dart barely misses the worm.
Throw: dart (poison)
Aim: a worm (78% to hit)
You throw a poisoned dart. The poisoned dart hits the worm.
The worm is poisoned.
Unknown command.
Unknown command.
Unknown command.
The worm looks more healthy.
You hit the worm.
The worm is poisoned.
The worm misses you.
A goblin comes into view. It is wielding a +0 dagger.
The goblin shouts!
You hit the worm. You barely miss the worm. The worm misses you.
You hit the worm.
The worm looks as sick as possible!
The worm closely misses you.
You hit the worm.
You kill the worm!
You hit the worm. The worm misses you.
You barely miss the worm. The worm bites you.
You barely miss the worm. You hit the worm but do no damage.
The worm is poisoned.
The worm closely misses you.
You hit the worm.
The worm looks as sick as possible!
The worm bites you but does no damage.
You barely miss the worm. You hit the worm.
The worm looks as sick as possible!
The worm barely misses you.
You hit the worm.
You kill the worm!
The goblin unwields a +0 dagger.
The goblin wields a +0 hunting sling.
The goblin shoots a stone.
The stone closely misses you.
The goblin unwields a +0 hunting sling.
The goblin wields a +0 dagger.
The goblin barely misses you.
Things that are here:
a worm corpse; a worm corpse You barely miss the goblin.
The goblin barely misses you.
You hit the goblin. The goblin closely misses you.
You hit the goblin.
You kill the goblin!
Items here: ( )) †.
You hear the slow rusting of a distant drain.
You see here a leopard gecko corpse.
The gnoll shouts!
The gnoll closely misses you.
A gnoll comes into view. It is wielding a +0 whip.
You see here a leopard gecko corpse.
Items here: ( )) †.
Things that are here:
a worm corpse; a worm corpse The leopard gecko hisses menacingly.
The gnoll closely misses you.
You hit the gnoll. The gnoll hits you with a +0 spear.
The gnoll shouts!
You hit the gnoll.
The gnoll is poisoned.
The gnoll hits you with a +0 spear!
* * * LOW HITPOINT WARNING * * *
You kill the gnoll!
Your Stealth skill increases to level 3!
There is a stone staircase leading up here.
The leopard gecko closely misses you.
You climb upwards.
There is a stone staircase leading down here.
You completely miss the leopard gecko. The leopard gecko barely misses you.
The leopard gecko misses you.
You barely miss the leopard gecko. The leopard gecko barely misses you.
You miss the leopard gecko. The leopard gecko closely misses you.
You miss the leopard gecko. The leopard gecko barely misses you.
You completely miss the leopard gecko. The leopard gecko misses you.
You hit the leopard gecko.
The leopard gecko is poisoned.
The leopard gecko bites you but does no damage.
The leopard gecko barely misses you.
You hit the leopard gecko.
You kill the leopard gecko!
There is a stone staircase leading down here.
You feel much better.
You climb downwards.
You hear the sound of rushing water.
There is an entrance to a sewer on this level.
Hurry and find it before the portal rusts away!
You hear the slow rusting of a very distant drain.
A giant cockroach and an orc come into view.
The orc shouts!
The orc hits you with a +0 flail!
Found a stone staircase leading down.
There is a stone staircase leading up here.
You hit the orc. You closely miss the orc.
The giant cockroach bites you but does no damage.
The orc hits you with a +0 flail.
You completely miss the orc.
The giant cockroach completely misses you.
The orc closely misses you. The giant cockroach barely misses you.
You completely miss the orc. The orc hits you with a +0 flail!
The giant cockroach bites you but does no damage.
You hit the orc.
You kill the orc!
The giant cockroach bites you but does no damage.
You hit the giant cockroach. The giant cockroach barely misses you.
You closely miss the giant cockroach.
The giant cockroach bites you but does no damage.
The giant cockroach closely misses you.
You hit the giant cockroach but do no damage.
The giant cockroach is poisoned.
The giant cockroach bites you.
The gnoll shouts!
You hit the giant cockroach.
You kill the giant cockroach!
There is a stone staircase leading up here.
The gnoll barely misses you. The gnoll closely misses you.
The gnoll hits you with a +0 whip. The gnoll hits you with a +0 halberd.
You hit the gnoll.
The gnoll is poisoned.
The gnoll hits you with a +0 whip. The gnoll hits you with a +0 halberd!
* * * LOW HITPOINT WARNING * * *
You hit the gnoll.
The gnoll looks as sick as possible!
The gnoll hits you with a +0 whip.
* * * LOW HITPOINT WARNING * * *
The gnoll barely misses you.
Unknown command.
You hit the gnoll.
You kill the gnoll!
The gnoll hits you but does no damage.
You barely miss the gnoll. The gnoll hits you but does no damage.
The gnoll hits you with a +0 whip.
* * * LOW HITPOINT WARNING * * *
You hit the gnoll.
The gnoll is poisoned.
The gnoll closely misses you.
You fail to use your ability.
The gnoll hits you with a +0 whip.
* * * LOW HITPOINT WARNING * * *
You hit the gnoll. The gnoll hits you with a +0 whip.
You die...

* *####.........
....##.........
*....##.........
....##........<
#########...............
#........>...#........##
#....)...............g#
#....<.g)....##.......##
#......@..............).
#............###########
#............#
#........#####
##########


You could see a gnoll (very poisoned).

Vanquished Creatures
  2 gnolls (D:3)
  An adder (D:2)
  3 worms (D:3)
  3 dart slugs
  3 leopard geckos
  An orc (D:3)
  3 bats (D:1)
  4 giant cockroaches
  8 goblins
  9 hobgoblins
  4 jackals (D:2)
  10 kobolds
  A ball python (D:1)
  5 frilled lizards
  5 rats
62 creatures vanquished.

Vanquished Creatures (others)
  A bat (D:3)
1 creature vanquished.

Grand Total: 63 creatures vanquished

Notes
Turn   | Place    | Note
-------+----------+-------------------------------------------
     0 | D:1      | CryoSword the Deep Dwarf Monk began the quest for the Orb.
     0 | D:1      | Reached XP level 1. HP: 20/20 MP: 1/1
   147 | D:1      | Reached XP level 2. HP: 18/27 MP: 2/2
   346 | D:1      | Reached skill level 4 in Axes
   603 | D:1      | Reached XP level 3. HP: 18/34 MP: 3/3
  1558 | D:3      | Reached XP level 4. HP: 32/42 MP: 4/4
  1575 | D:2      | Reached skill level 1 in Long Blades
  1758 | D:3      | Slain by a gnoll

Illustrated notes

Levels and vault maps discovered:
D:1:      dpeg_arrival_long_road, layout_loops_ring, serial_aquarium,
          aquarium_bridge_square [aquarium_subvault_wall,
          aquarium_subvault_wall, aquarium_subvault_bridge,
          aquarium_subvault_window], aquarium_bridge_island_small
          [aquarium_subvault_small_water, aquarium_subvault_bridge,
          aquarium_subvault_balcony, aquarium_subvault_wall,
          aquarium_subvault_balcony], aquarium_window_fake, aquarium_window_1,
          aquarium_window_fake, aquarium_view_2b, aquarium_balcony_double_3,
          aquarium_pool_2, grunt_decor_clamped
D:2:      minmay_angry_zag, layout_basic
D:3:      layout_rooms, gup_sewer_entry_spiral, uniq_natasha

Skill      XL: |  1  2  3  4 |
---------------+-------------+-----
Fighting       | 3 |  3.4
Axes           | 4 |  4.5
Long Blades    | 1 |  1.7
Stealth        | 3 |  3.1
Dodging        | |  3.2

Action                   |  1- 3 |  4- 6 || total
-------------------------+-------+-------++-------
Melee: Hand axe          |    25 |       ||    25
       Short sword       |    68 |    46 ||   114
Throw: Dart              |    53 |     2 ||    55
 Abil: Heal Wounds       |     1 |     1 ||     2
 Stab: Sleeping          |     9 |     1 ||    10
Armor: Robe              |    11 |     8 ||    19
Dodge: Dodged            |    60 |    35 ||    95

Table legend: (Time is in decaauts)
 A = Elapsed time spent in this place.
 B = Non-inter-level travel time spent in this place.
 C = Inter-level travel time spent in this place.
 D = Time resting spent in this place.
 E = Time spent auto-exploring this place.
 F = Levels seen in this place.
 G = Mean time per level.
                   A        B        C        D        E       F      G
               +--------+--------+--------+--------+--------+-----+--------+
         Total |   1772 |   1631 |    141 |      0 |    739 |   3 |  590.7 |
       Dungeon |   1772 |   1631 |    141 |      0 |    739 |   3 |  590.7 |
               +--------+--------+--------+--------+--------+-----+--------+

Top non-repeatable levels by time:
     D:1: 971 daAuts
     D:2: 666 daAuts
     D:3: 134 daAuts
